Description

priv for overwolf overlay

Replay - PvZ DTv

Build Order

Get SALT Encoding   

  12  0:01  Probe (Chrono Boost)  
  13  0:11  Probe (Chrono Boost)  
  14  0:19  Pylon  
  14  0:24  Probe (Chrono Boost)  
  15  0:37  Probe (Chrono Boost)  
  15  0:39  Gateway  
  16  0:47  Probe (Chrono Boost)  
  16  0:48  Assimilator  
  17  0:58  Probe (Chrono Boost)  
  18  1:09  Probe (Chrono Boost)  
  19  1:19  Probe (Chrono Boost)  
  20  1:26  Nexus  
  20  1:36  Cybernetics Core  
  20  1:39  Probe (Chrono Boost)  
  21  1:46  Assimilator  
  21  1:50  Probe (Chrono Boost)  
  22  1:56  Pylon  
  22  2:01  Probe (Chrono Boost)  
  23  2:10  Adept  
  23  2:13  Warp Gate  
  26  2:15  Probe (Chrono Boost)  
  26  2:29  Mothership Core (Chrono Boost)  
  28  2:36  Sentry  
  28  2:39  Probe (Chrono Boost)  
  31  2:49  Probe x2 (Chrono Boost)  
  33  2:59  Sentry  
  33  3:00  Probe (Chrono Boost)  
  33  3:01  Probe (Chrono Boost)  
  33  3:04  Nexus  
  37  3:10  Probe (Chrono Boost)  
  39  3:13  Probe (Chrono Boost)  
  39  3:16  Pylon  
  39  3:21  Probe (Chrono Boost)  
  39  3:25  Probe (Chrono Boost), Sentry  
  41  3:31  Probe (Chrono Boost)  
  41  3:34  Pylon  
  42  3:37  Probe (Chrono Boost)  
  43  3:42  Probe (Chrono Boost)  
  43  3:44  Robotics Facility  
  45  3:49  Probe (Chrono Boost)  
  45  3:50  Pylon  
  45  3:53  Probe (Chrono Boost)  
  46  4:00  Probe (Chrono Boost)  
  47  4:03  Probe (Chrono Boost), Phoenix  
  48  4:10  Gateway  
  48  4:11  Probe (Chrono Boost)  
  48  4:12  Gateway  
  48  4:16  Gateway  
  49  4:19  Probe (Chrono Boost)  
  49  4:20  Probe (Chrono Boost), Gateway  
  52  4:24  Probe (Chrono Boost)  
  52  4:26  Assimilator  
  52  4:30  Assimilator  
  53  4:31  Warp Prism  
  53  4:33  Sentry  
  53  4:36  Probe (Chrono Boost)  
  53  4:38  Probe (Chrono Boost)  
  58  4:39  Probe (Chrono Boost)  
  59  4:47  Pylon  
  59  4:48  Probe x2 (Chrono Boost)  
  59  4:50  Probe (Chrono Boost)  
  62  4:59  Probe (Chrono Boost), Pylon  
  64  5:00  Probe (Chrono Boost)  
  64  5:02  Probe (Chrono Boost)  
  64  5:05  Adept  
  64  5:06  Pylon  
  67  5:09  Probe (Chrono Boost)  
  67  5:11  Observer  
  67  5:12  Probe x2 (Chrono Boost)  
  71  5:15  Pylon  
  71  5:18  Zealot x2  
  71  5:20  Zealot  
  77  5:21  Zealot  
  77  5:25  Probe x3 (Chrono Boost)  
  82  5:30  Zealot  
  86  5:37  Probe (Chrono Boost)  
  86  5:39  Twilight Council  
  86  5:41  Zealot x3  
  91  5:44  Zealot  
  91  5:46  Probe (Chrono Boost)  
  91  5:47  Probe (Chrono Boost)  
  95  5:52  Immortal  
  95  5:54  Forge  
  100  5:59  Stalker  
  100  6:01  Stalker  
  100  6:02  Stalker  
  105  6:14  Charge, Protoss Ground Weapons Level 1  
  105  6:15  Probe (Chrono Boost)  
  106  6:18  Zealot  
  106  6:19  Zealot  
  106  6:23  Zealot, Pylon  
  113  6:25  Probe (Chrono Boost)  
  113  6:31  Photon Cannon  
  111  6:38  Sentry  
  111  6:39  Sentry  
  109  6:44  Sentry  
  109  6:45  Sentry  
  111  6:48  Sentry  
  112  6:55  Probe x2 (Chrono Boost)  
  112  6:56  Probe (Chrono Boost)  
  96  7:01  Immortal  
  96  7:07  Probe (Chrono Boost)  
  98  7:09  Gateway  
  98  7:12  Gateway x2  
  98  7:14  Assimilator x2  
  97  7:18  Dark Shrine  
  97  7:23  Photon Cannon  
  97  7:31  Pylon  
  97  7:33  Pylon  
  97  7:38  Photon Cannon  
  97  7:40  Nexus  
  97  7:42  Pylon  
  97  7:44  Pylon x2  
  97  7:47  Gateway x2, Pylon  
  97  7:48  Pylon  
  97  7:49  Zealot, Pylon  
  97  7:50  Zealot x4  
  97  7:51  Immortal  
  111  8:12  Zealot x3  
  115  8:13  Photon Cannon, Zealot x4  
  115  8:16  Protoss Ground Weapons Level 2  
  115  8:18  Probe (Chrono Boost)  
  115  8:19  Probe (Chrono Boost)  
  120  8:22  Probe (Chrono Boost)  
  120  8:24  Photon Cannon  
  121  8:32  Probe (Chrono Boost)  
  122  8:37  Immortal  
  126  8:49  Templar Archives  
  126  8:50  Dark Templar  
  126  8:51  Dark Templar x3  
  126  8:55  Archon x2  
  134  8:58  Probe x2 (Chrono Boost)  
  134  8:59  Probe (Chrono Boost)  
  134  9:01  Photon Cannon  
  135  9:09  Probe x2 (Chrono Boost)  
  137  9:11  Dark Templar x2  
  137  9:12  Probe (Chrono Boost)  
  141  9:19  Dark Templar x2  
  141  9:22  Immortal  
  145  9:25  Archon  
  145  9:26  Archon  
  149  9:31  Robotics Facility  
  149  9:32  Assimilator  
  149  9:33  Assimilator  
  149  9:45  Dark Templar x2  
  149  9:46  Dark Templar x2  
  149  9:49  Photon Cannon  
  149  9:52  Archon, Pylon  
  157  9:53  Archon  
  157  9:58  Immortal, Probe (Chrono Boost)  
Spawning Tool Build Advisor. Get it on Overwolf

Analysis

wolf lay

Go to:

Details

  • Created by: Jorm
  • Published on: Dec 19, 2016
  • Modified on: Dec 19, 2016
  • Patch: 3.8.0
Show
View Real Time Build Order
Export as new Build Order

Comments (0)

There are no comments. Be the first!

Create an account to comment!